 Dungeon Crawl Stone Soup version 0.20-a0-514-g839ffe0 (webtiles) character file.

69 Lahna the Digger (level 4, -5/24 HPs)
             Began as a Gargoyle Earth Elementalist on Jan 24, 2017.
             Killed from afar by an orc wizard (8 damage)
             ... with a magic dart
             ... on level 3 of the Dungeon.
             The game lasted 00:04:08 (1623 turns).

Lahna the Digger (Gargoyle Earth Elementalist)      Turns: 1623, Time: 00:04:08

Health: -5/24      AC:  6    Str: 11    XL:     4   Next: 20%
Magic:  4/7        EV: 12    Int: 17    God:
Gold:   98         SH:  0    Dex: 10    Spells: 3/7 levels left

rFire    . . .     SeeInvis .   (no weapon)
rCold    . . .     Gourm    .   c - +0 robe
rNeg     + . .     Faith    .   (no shield)
rPois    ∞         Spirit   .   j - +0 helmet
rElec    +         Reflect  .   (no cloak)
rCorr    .         Harm     .   (no gloves)
MR       .....                  (no boots)
Stlth    ++........             (no amulet)
Regen    0.1/turn               (no ring)
                                (no ring)

@: no status effects
A: negative energy resistance 1, electricity resistance, unbreathing,
petrification resistance, rot immunity, AC +3
a: no special abilities


You were on level 3 of the Dungeon.
You were not hungry.

You visited 1 branch of the dungeon, and saw 3 of its levels.

You collected 98 gold pieces.

Inventory:

Missiles
 b - 54 stones (quivered)
Armour
 c - a +0 robe (worn)
 j - a +0 helmet (worn)
Scrolls
 a - 2 scrolls of blinking {unknown}
 f - a scroll of immolation {unknown}
 g - 7 scrolls of identify {unknown}
 m - 2 scrolls of remove curse {unknown}
 n - a scroll of amnesia {unknown}
 o - a scroll of teleportation {unknown}
Potions
 h - a potion of flight {unknown}
 i - a potion of brilliance {unknown}
 l - 2 potions of curing {unknown}
 p - a potion of lignification {unknown}
Books
 e - a book of Geomancy

   Spells                             Type                      Level
   a - Sandblast                      Earth                        1
   b - Passwall                       Transmutation/Earth          2
   c - Stone Arrow                    Conjuration/Earth            3
   d - Petrify                        Transmutation/Earth          4
   e - Lee's Rapid Deconstruction     Earth                        5
Comestibles
 d - 7 bread rations
 k - a chunk of flesh


   Skills:
 - Level 2.0 Dodging
 + Level 3.6 Stealth
 - Level 2.0 Spellcasting
   Level 0.7 Transmutations
 + Level 4.8 Earth Magic


You had 3 spell levels left.
You knew the following spells:

 Your Spells              Type           Power        Failure   Level  Hunger
a - Sandblast             Erth           ###...       2%          1    #......
b - Stone Arrow           Conj/Erth      #.....       24%         3    ###....


Dungeon Overview and Level Annotations

Branches:
Dungeon (3/15)

Altars:
Nemelex Xobeh
The Shining One


Innate Abilities, Weirdness & Mutations

You are resistant to torment.
Your stone body is resilient. (AC +3)
You are immune to poison.
You resist negative energy. (rN+)
You are resistant to electric shocks. (rElec)
You can survive without breathing.
You are immune to petrification.
You are immune to rotting.


Message History

You hear some strange, mumbled words.
A puff of flame appears from out of thin air!
The puff of flame hits you!
You hear some strange, mumbled words.
A magic dart appears from out of thin air!
The magic dart hits you!
* * * LOW HITPOINT WARNING * * *
Casting: Sandblast
Confirm with . or Enter, or press ? or * to list all spells.
You can't see any susceptible monsters within range! (Use Z to cast anyway.)
You closely miss something. Something hits you.
* * * LOW HITPOINT WARNING * * *
You miss something. Something hits you but does no damage. Something hits you.
* * * LOW HITPOINT WARNING * * *
You barely miss something. Something hits you but does no damage.
You miss something. Something hits you but does no damage.
You hear some strange, mumbled words.
A magic dart appears from out of thin air!
The magic dart hits you!
You die...

░░.░░ ....░ ░░..░░░░░
........░░░░░░░░
....░░░.░...?..░ ░░░░░
.░░.░░░.░.░░░░.░ ░...░
.░░.......░ ░.░░░░░.░.░░░░░░░░░
░░░░░░░...░░░░.......░.........░
░....<.......@{.░░░░░.░░░░░.░
░.......░░░░.......░....░ ░.░
░.......░░ ░.░░░░░.░.░░.░ ░.░
.........░ ░.░ ░...░░.░ ░.░
░░.......░ ░.░ ░░.░░░.░░ ░.░
..░.░░...░ ░.░ ░.░░...░░░.░ ░..░
░...░ ░.░ ░.░.....░░.░░ ...
..... ░.░ ░............ ..░
░░░.....░░...


There were no monsters in sight!

Vanquished Creatures
  An orc wizard (D:3)
  An adder (D:2)
  A worm (D:2)
  An orc (D:3)
  A ball python (D:2)
  A giant cockroach (D:1)
  3 goblins
  3 hobgoblins (D:2)
  5 bats
  4 frilled lizards
  6 kobolds
  5 rats
32 creatures vanquished.

Notes
Turn   | Place    | Note
-------+----------+-------------------------------------------
     0 | D:1      | Lahna the Gargoyle Earth Elementalist began the quest for the Orb.
     0 | D:1      | Reached XP level 1. HP: 10/10 MP: 3/3
   207 | D:1      | Reached XP level 2. HP: 12/15 MP: 1/5
   446 | D:1      | Found a sparkling altar of Nemelex Xobeh.
   939 | D:2      | Reached skill level 4 in Earth Magic
   991 | D:2      | Reached XP level 3. HP: 19/19 MP: 3/6
  1045 | D:2      | Learned a level 3 spell: Stone Arrow
  1159 | D:2      | Found a glowing golden altar of the Shining One.
  1478 | D:3      | Reached XP level 4. HP: 24/24 MP: 1/7
  1623 | D:3      | Killed from afar by an orc wizard

Vault maps used:
D:1:      dpeg_arrival_court, kennysheep_decorative_pillar, wad_floor_pattern_2,
          nemelex_diamond_rough_becter
D:2:      lemuel_round_altar, hangedman_decor_peaks_small,
          minmay_close_crescents
D:3:      nicolae_overflow_hidden_temple, lemuel_crystal_altar

Skill      XL: |  1  2  3 |
---------------+----------+-----
Earth Magic    | 4 |  4.8
Stealth        | 3 |  3.6
Dodging        | 2 |  2.0
Spellcasting   | |  2.0
Transmutations | |  0.7

Action                   |  1- 3 |  4- 6 || total
-------------------------+-------+-------++-------
Melee: Unarmed           |    51 |    26 ||    77
 Cast: Sandblast         |    27 |     3 ||    30
       Stone Arrow       |     4 |     1 ||     5
 Stab: Sleeping          |     1 |       ||     1
  Eat: Chunk             |     3 |       ||     3
Armor: Robe              |    31 |    10 ||    41
Dodge: Dodged            |    77 |     9 ||    86
